 Dungeon Crawl Stone Soup version 0.20.0-15-g7f486f2 (webtiles) character file.

33740 dvd the Basher (level 13, -10/128 HPs)
             Began as a Troll Berserker on June 21, 2017.
             Was a High Priest of Trog.
             Mangled by an ice dragon (14 damage)
             ... on level 4 of the Lair of Beasts.
             The game lasted 00:48:57 (14151 turns).

dvd the Basher (Troll Berserker)                   Turns: 14151, Time: 00:48:57

Health: -10/128    AC: 11    Str: 28    XL:     13   Next: 38%
Magic:  12/12      EV: 14    Int:  3    God:    Trog [*****.]
Gold:   903        SH:  2    Dex: 15    Spells: 12/12 levels left

rFire    + . .     SeeInvis .   b - +5 broad axe (flame)
rCold    . . .     Gourm    +   (no shield)
rNeg     . . .     Faith    .   F - +0 troll leather armour
rPois    +         Spirit   .   T - +2 hat
rElec    .         Reflect  +   V - scarf {repulsion}
rCorr    .         Harm     .   (gloves unavailable)
MR       .....                  (boots unavailable)
Stlth    ++........             A - +2 amulet of reflection
Regen    1.2/turn               r - ring of protection from fire
MPRegen  0.2/turn               C - ring of poison resistance

@: repel missiles
A: unfitting armour, claws 3, yellow scales 1, agile 1, fast metabolism 3,
gourmand, regeneration 1, shaggy fur 1, tough skin 2, evolution 1
a: Berserk, Trog's Hand, Brothers in Arms, Burn Spellbooks, Renounce Religion


You were on level 4 of the Lair of Beasts.
You worshipped Trog.
Trog was extremely pleased with you.
You were completely stuffed.

You visited 3 branches of the dungeon, and saw 16 of its levels.
You also visited: Volcano.

You collected 980 gold pieces.
You spent 77 gold pieces at shops.

Inventory:

Hand Weapons
 a - a +3 demon whip of venom
 b - a +5 broad axe of flaming (weapon)
 c - the +8 scythe of Destiny {antimagic, rPois Str+4 Dex+7}
   (You found it on level 11 of the Dungeon)

   It reduces the magical energy of the wielder, and disrupts the spells and
   magical abilities of those hit.
   Natural abilities and divine invocations are not affected.
   It affects your strength (+4).
   It affects your dexterity (+7).
   It protects you from poison.
 d - a +4 flail of crushing
 l - the +8 storm bow {elec}
   (Trog gifted it to you on level 2 of the Lair of Beasts)

   It charges the ammunition it shoots with electricity; occasionally upon a
   hit, such missiles may discharge and cause terrible harm.
Missiles
 g - 11 large rocks (quivered)
 q - 4 tomahawks
 t - 2 tomahawks of returning
 v - 6 javelins
Armour
 p - a +1 shield
 D - a +0 cloak
 F - a +0 troll leather armour (worn)
 T - a +2 hat (worn)
 V - a scarf of repulsion (worn)
 Y - a +0 robe of fire resistance
 Z - a +1 robe of cold resistance
Jewellery
 j - an uncursed ring of flight
 r - a ring of protection from fire (left claw)
 x - an uncursed ring of ice
 A - a +2 amulet of reflection (around neck)
 C - a ring of poison resistance (right claw)
Wands
 m - a wand of acid (13/15)
 z - a wand of random effects (13/48)
 E - a wand of flame (44/48)
 J - a wand of digging (16/24)
 K - a wand of confusion (21/48)
 L - a wand of lightning (13/15)
 R - a wand of paralysis (12/24)
 U - a wand of flame (22/48)
Scrolls
 f - 3 scrolls of immolation
 h - 6 scrolls of identify
 i - 7 scrolls of remove curse
 n - 2 scrolls of fog
 y - a scroll of fear {unknown}
 O - 8 scrolls of teleportation
Potions
 e - 7 potions of haste {unknown}
 k - 10 potions of curing
 s - 2 potions of lignification
 w - a potion of ambrosia
 B - a potion of invisibility
 G - 3 potions of might
 H - 3 potions of heal wounds
 I - a potion of flight
 P - 3 potions of cancellation
 Q - a potion of magic
 S - a potion of brilliance
Comestibles
 o - 12 bread rations
 u - 44 royal jellies
 W - 4 meat rations
 X - 2 fruits


   Skills:
 + Level 8.6 Fighting
 + Level 7.3(9.8) Axes
 + Level 11.0(12.1) Maces & Flails
 + Level 1.2(5.0) Polearms
   Level 2.3(7.0) Staves
 + Level 5.3 Throwing
 + Level 4.4 Armour
 + Level 8.1 Dodging
 - Level 1.0 Stealth
 + Level 7.1 Shields
 + Level 0.8 Evocations


You had 12 spell levels left.
You didn't know any spells.

Dungeon Overview and Level Annotations

Branches:
Dungeon (11/15)            Temple (1/1) D:6            Lair (4/6) D:11
 Shoals (0/4) Lair:4        Snake (0/4) Lair:4
    Orc: D:9-12

Altars:
Ashenzari
Cheibriados
Dithmenos
Elyvilon
Fedhas
Gozag
Hepliaklqana
Kikubaaqudgha
Makhleb
Nemelex Xobeh
Okawaru
Qazlal
Ru
Sif Muna
Trog
Uskayaw
Vehumet
Xom
Yredelemnul
Zin
The Shining One

Shops:
D:4 [[


Innate Abilities, Weirdness & Mutations

You are too large for most types of armour.
You have claws for hands.
Your metabolism is lightning-fast.
You like to eat raw meat.
Your natural rate of healing is unusually fast.
You are covered in fur. (AC +1)
You have very tough skin. (AC +2)
You are partially covered in yellow scales. (AC +2)
You are agile. (Dex +2)
You evolve.


Message History

The blast of cold hits you!
* * * LOW HITPOINT WARNING * * *
Unknown command.
You feel much better.
The ice dragon bites you but does no damage.
The ice dragon claws you!
* * * LOW HITPOINT WARNING * * *
The ice dragon tramples you!
* * * LOW HITPOINT WARNING * * *
You hold your ground!
You barely miss the ice dragon.
The ice dragon is almost dead.
The ice dragon breathes frost at you. The blast of cold misses you.
You closely miss the ice dragon.
The ice dragon is almost dead.
The ice dragon bites you.
* * * LOW HITPOINT WARNING * * *
The ice dragon claws you!
You die...

#.#########P...........#......
##............#................
#..........#P##.........#......
#.......P.####........>.....<.
##.........# ##................
#..........# #..........#......
##.......P.# #...#######.......
#........#.##.≈≈.###.##..#..#.
#...#.######.@≈≈≈.#...#)###...
###..### ##.D≈≈≈.≈≈≈.#.##..#
###..#.##
##..#...≈≈≈≈≈≈≈..##...
#P..†...#
#$..≈≈...≈≈≈≈≈#≈......
##......#
###≈≈≈≈≈≈≈≈≈≈.≈≈≈..... #......#
#.≈≈≈≈##≈##≈≈#≈≈..... #......##
#...≈≈≈###≈≈≈≈≈≈≈.#...
#.......# ##..≈≈≈#
..#≈≈≈≈.≈#...
##......+.....#.≈##
.≈##≈≈≈......


You could see an ice dragon.

Vanquished Creatures
  Fannar (Lair:1)
  A hydra (Lair:2)
  Erica (D:11)
  A two-headed ogre (D:8)
  Urug (D:11)
  2 unseen horrors
  An ugly thing (Volcano)
  An orc sorcerer (Volcano)
  A manticore (Lair:4)
  6 black mambas
  7 elephants
  A gargoyle (Volcano)
  A molten gargoyle (Volcano)
  7 spiny frogs
  2 rime drakes
  6 komodo dragons
  2 queen bees
  Prince Ribbit (D:9)
  9 hippogriffs
  5 blink frogs (Lair:2)
  6 dream sheep (Lair:4)
  Sigmund (D:5)
  3 wyverns
  16 yaks
  4 fire bats
  2 basilisks (Lair:2)
  A hungry ghost (D:9)
  4 nagas (Lair:4)
  An acid dragon (Lair:1)
  4 soldier ants (D:10)
  8 water moccasins
  7 porcupines
  A sky beast (D:10)
  An orc warrior (D:11)
  2 black bears
  An ogre (D:8)
  An ice beast (D:5)
  A necrophage (D:7)
  7 phantoms
  4 wolves (Lair:3)
  2 centaurs
  5 crocodiles
  16 bullfrogs
  2 gnoll sergeants
  4 scorpions
  A water moccasin skeleton (D:9)
  55 killer bees
  A vampire bat (D:3)
  3 howler monkeys (D:11)
  4 lava snakes (Volcano)
  A jelly (D:9)
  4 crimson imps
  A bullfrog zombie (D:10)
  5 hounds
  Crazy Yiuf (D:5)
  4 orc priests
  2 orc wizards
  2 bullfrog skeletons
  3 centaur skeletons
  A hell rat (Lair:2)
  4 iguanas
  5 worker ants
  A killer bee zombie (D:10)
  2 hound skeletons
  A worker ant zombie (D:6)
  21 gnolls
  15 adders
  2 river rats (D:3)
  5 shadow imps
  3 white imps (Lair:4)
  2 oozes
  2 adder zombies (D:5)
  5 worms
  3 dart slugs
  7 leopard geckos
  31 orcs
  A ball python (D:3)
  12 bats
  9 giant cockroaches
  4 goblins
  4 hobgoblins
  10 jackals (D:5)
  4 kobolds (D:3)
  4 quokkas
  2 frilled lizards
  2 leopard gecko skeletons (D:4)
  6 rats
  5 fungi
  3 plants
424 creatures vanquished.

Vanquished Creatures (collateral kills)
  A sun demon (Volcano)
  2 ugly things (Volcano)
  A troll (D:9)
  A red devil (Volcano)
5 creatures vanquished.

Vanquished Creatures (others)
  7 fungi
  4 plants
11 creatures vanquished.

Grand Total: 440 creatures vanquished

Notes
Turn   | Place    | Note
-------+----------+-------------------------------------------
     0 | D:1      | dvd the Troll Berserker began the quest for the Orb.
     0 | D:1      | Reached XP level 1. HP: 22/22 MP: 0/0
     2 | D:1      | Noticed a formicid
     4 | D:1      | Noticed a ghoul
     6 | D:1      | Noticed a naga
     6 | D:1      | Noticed a spriggan
     8 | D:1      | Noticed a demonspawn
    10 | D:1      | Noticed a centaur
    10 | D:1      | Noticed a gargoyle
    12 | D:1      | Noticed a minotaur
    12 | D:1      | Noticed a human
    14 | D:1      | Noticed a merfolk
    14 | D:1      | Noticed a troll
    16 | D:1      | Noticed a vampire
    16 | D:1      | Noticed a demigod
    18 | D:1      | Noticed an elf
    18 | D:1      | Noticed an octopode
    20 | D:1      | Noticed a tengu
    20 | D:1      | Noticed a halfling
    22 | D:1      | Noticed a draconian
    24 | D:1      | Noticed a vine stalker
    24 | D:1      | Noticed an ogre
    26 | D:1      | Noticed a felid
    26 | D:1      | Noticed a dwarf
   125 | D:1      | Reached XP level 2. HP: 29/29 MP: 1/1
   323 | D:1      | Reached skill level 3 in Maces & Flails
   522 | D:2      | You fall through a shaft for 2 floors!
   534 | D:3      | Found a deep blue altar of Sif Muna.
   584 | D:4      | Reached XP level 3. HP: 33/36 MP: 2/2
   687 | D:3      | Reached XP level 4. HP: 10/44 MP: 3/3
   692 | D:3      | HP: 3/66 [orc/trident (3)]
   745 | D:3      | Reached ** piety under Trog
   994 | D:3      | Reached XP level 5. HP: 15/53 MP: 4/4
  1000 | D:3      | Reached skill level 4 in Maces & Flails
  1729 | D:3      | Reached *** piety under Trog
  1990 | D:2      | Reached XP level 6. HP: 54/61 MP: 5/5
  2152 | D:2      | Found a glowing golden altar of the Shining One.
  2152 | D:2      | Found an iron altar of Okawaru.
  2599 | D:4      | Found Geozxan's Antique Armour Shop.
  2615 | D:4      | Bought a runed robe for 77 gold pieces
  2667 | D:4      | Found a hide-covered altar of Uskayaw.
  2676 | D:4      | Found Furrir's Antique Armour Boutique.
  2877 | D:4      | Reached skill level 1 in Shields
  2939 | D:4      | Identified the Catalogue of Envenoming and Clay
  3157 | D:4      | Found a burning altar of Makhleb.
  3159 | D:4      | Found a shattered altar of Ashenzari.
  3345 | D:4      | Reached XP level 7. HP: 68/68 MP: 6/6
  3444 | D:5      | Entered Level 5 of the Dungeon
  3488 | D:5      | Reached skill level 5 in Maces & Flails
  3515 | D:5      | Noticed Sigmund
  3529 | D:5      | Killed Sigmund
  3529 | D:5      | Reached skill level 1 in Throwing
  3686 | D:5      | Reached XP level 8. HP: 42/78 MP: 7/7
  3811 | D:5      | Reached **** piety under Trog
  3817 | D:5      | Reached skill level 1 in Stealth
  3870 | D:5      | Found a stormy altar of Qazlal.
  3928 | D:5      | Found a blossoming altar of Fedhas.
  4025 | D:5      | Reached skill level 6 in Maces & Flails
  4025 | D:5      | Reached skill level 5 in Dodging
  4297 | D:5      | Found a basalt altar of Yredelemnul.
  4335 | D:5      | Found a deep blue altar of Sif Muna.
  4431 | D:5      | Found a runed door.
  4435 | D:5      | Noticed Crazy Yiuf
  4446 | D:5      | Killed Crazy Yiuf
  4723 | D:6      | Reached skill level 1 in Staves
  4909 | D:6      | Found a staircase to the Ecumenical Temple.
  4922 | Temple   | Entered the Ecumenical Temple
  5242 | D:6      | Reached XP level 9. HP: 85/85 MP: 8/8
  5611 | D:7      | Got a shimmering hand axe
  5612 | D:7      | Identified the cursed +0 hand axe of the Present {chop, rC+ Int+2 Stlth+} (You found it on level 7 of the Dungeon)
  6075 | D:7      | Found a sparkling altar of Nemelex Xobeh.
  6251 | D:8      | Noticed a two-headed ogre
  6263 | D:8      | Killed a two-headed ogre
  6263 | D:8      | Reached ***** piety under Trog
  6263 | D:8      | Reached skill level 5 in Fighting
  6263 | D:8      | Reached skill level 7 in Maces & Flails
  7237 | D:9      | Reached skill level 1 in Axes
  7287 | D:9      | Found a sacrificial altar of Ru.
  7378 | D:9      | Noticed Prince Ribbit
  7448 | D:9      | Noticed a troll
  7453 | D:9      | HP: 4/88 [troll (5)]
  7512 | D:9      | Killed a troll
  7789 | D:9      | Killed an unseen horror
  7789 | D:9      | Reached skill level 1 in Armour
  7789 | D:9      | Reached XP level 10. HP: 49/96 MP: 9/9
  7820 | D:9      | Killed Prince Ribbit
  8179 | D:9      | Found a glowing silver altar of Zin.
  8388 | D:10     | Entered Level 10 of the Dungeon
  8508 | D:10     | Reached skill level 8 in Maces & Flails
  8527 | D:10     | Gained mutation: Your mind is acute. (Int +2) [mutagenic meat]
  8528 | D:10     | Gained mutation: You are partially covered in iridescent scales. (AC +2) [mutagenic meat]
  8529 | D:10     | Gained mutation: You are partially covered in icy blue scales. (AC +2) [mutagenic meat]
  8530 | D:10     | Gained mutation: Your mind is very acute. (Int +4) [mutagenic meat]
  8531 | D:10     | Lost mutation: You are partially covered in icy blue scales. (AC +2) [mutagenic meat]
  8872 | D:10     | Killed an unseen horror
  8872 | D:10     | Received a gift from Trog
  9217 | D:11     | Noticed Erica
  9227 | D:11     | Killed Erica
  9227 | D:11     | Reached skill level 9 in Maces & Flails
  9232 | D:11     | Got a jewelled scythe
  9238 | D:11     | Identified the +8 scythe of Destiny {antimagic, rPois Str+4 Dex+7} (You found it on level 11 of the Dungeon)
  9452 | D:11     | Noticed Urug
  9467 | D:11     | Killed Urug
  9467 | D:11     | Reached XP level 11. HP: 90/105 MP: 10/10
  9580 | D:11     | Reached skill level 5 in Shields
 10034 | D:11     | Reached skill level 10 in Maces & Flails
 10216 | D:11     | Found a staircase to the Lair.
 10318 | Lair:1   | Entered Level 1 of the Lair of Beasts
 10326 | Lair:1   | Noticed Fannar
 10359 | Lair:1   | Killed Fannar
 10413 | Lair:1   | Lost mutation: You are partially covered in iridescent scales. (AC +2) [potion of mutation]
 10413 | Lair:1   | Lost mutation: Your mind is very acute. (Int +4) [potion of mutation]
 10413 | Lair:1   | Lost mutation: Your mind is acute. (Int +2) [potion of mutation]
 10413 | Lair:1   | Gained mutation: You evolve. [potion of mutation]
 10413 | Lair:1   | Gained mutation: You are partially covered in yellow scales. (AC +2) [potion of mutation]
 10559 | Lair:1   | Received a gift from Trog
 11015 | Lair:2   | Reached XP level 12. HP: 61/118 MP: 11/11
 11237 | Lair:2   | Found a dark tunnel.
 11253 | Volcano  | Entered a volcano
 11441 | Volcano  | Found a bloodstained altar of Trog.
 11832 | Lair:2   | Reached skill level 5 in Axes
 11945 | Lair:2   | Noticed a seven-headed hydra
 11951 | Lair:2   | Killed a four-headed hydra
 12023 | Lair:2   | Received a gift from Trog
 12414 | Lair:2   | Reached skill level 11 in Maces & Flails
 12530 | Lair:2   | Gained mutation: You are agile. (Dex +2) [evolution]
 13028 | Lair:3   | Reached skill level 1 in Polearms
 13028 | Lair:3   | Reached XP level 13. HP: 70/127 MP: 3/12
 13638 | Lair:4   | Reached skill level 5 in Throwing
 13725 | Lair:4   | Found a staircase to the Shoals.
 13915 | Lair:4   | Found a staircase to the Snake Pit.
 14118 | Lair:4   | Received a gift from Trog
 14148 | Lair:4   | HP: 2/128 [ice dragon/blast of cold (30)]
 14151 | Lair:4   | Mangled by an ice dragon

Skill      XL: |  1  2  3  4  5  6  7  8  9 10 11 12 13 |
---------------+----------------------------------------+-----
Maces & Flails | 3 4 5 6 7 9 10 11 | 11.0
Dodging        | 3 4 5 6 7 8 |  8.1
Fighting       | 3 4 5 6 7 8 |  8.6
Shields        | 1 2 3 4 6 7 |  7.1
Throwing       | 1 2 3 4 5 |  5.3
Stealth        | 1 |  1.0
Staves         | 2 |  2.3
Axes           | 1 2 6 7 |  7.3
Armour         | 1 3 4 |  4.4
Polearms       | 1 |  1.2
Evocations     | |  0.8

Action                   |  1- 3 |  4- 6 |  7- 9 | 10-12 | 13-15 || total
-------------------------+-------+-------+-------+-------+-------++-------
Melee: Mace              |    58 |   306 |   230 |       |       ||   594
       Quarterstaff      |       |       |    42 |       |       ||    42
       Flail             |       |       |    56 |   115 |       ||   171
       Hand axe          |       |       |   112 |       |       ||   112
       Demon whip        |       |       |       |   439 |       ||   439
       Broad axe         |       |       |       |   168 |    89 ||   257
       Scythe            |       |       |       |    19 |       ||    19
Throw: Large rock        |     2 |    17 |    55 |    33 |    27 ||   134
       Tomahawk          |       |       |     4 |       |       ||     4
Invok: Berserk           |     2 |     4 |     4 |     2 |       ||    12
       Burn Spellbooks   |       |     1 |     3 |     4 |       ||     8
       Trog's Hand       |       |       |     4 |     1 |     2 ||     7
       Brothers in Arms  |       |       |     1 |     1 |       ||     2
Evoke: Wand              |       |       |    10 |       |       ||    10
  Use: Scroll            |       |     4 |     3 |    11 |     3 ||    21
       Potion            |       |       |       |    10 |     1 ||    11
 Stab: Sleeping          |       |       |     3 |     2 |     1 ||     6
       Confused          |       |       |     1 |       |       ||     1
  Eat: Chunk             |     7 |    29 |    51 |    61 |    11 ||   159
       Meat ration       |       |       |       |     1 |       ||     1
Armor: Animal skin       |    25 |    37 |       |       |       ||    62
       Robe              |       |    38 |    91 |       |       ||   129
       Troll leather arm |       |       |    28 |   177 |    55 ||   260
       Skin              |       |       |       |     2 |       ||     2
Dodge: Dodged            |    45 |   183 |   127 |   326 |    86 ||   767
       Deflected         |       |       |       |       |     4 ||     4
Block: Shield            |       |    51 |   187 |   274 |       ||   512
       Other             |       |       |     3 |    12 |    12 ||    27
       Reflection        |       |       |     2 |     4 |       ||     6
